Cogmind - Beta 15 @@@ ROGUE MODE // 2025.06.16 @ 22:34:38 Player: VVRLD_D35TR0YER Result: Self-destructed Performance ------------- Evolutions (3) 1500 Regions Visited (10) 2000 Robots Destroyed (156) 780 Value Destroyed (5858) 5858 Prototype IDs (13) 260 Alien Tech Used (0) 0 Bonus (2835) 2835 TOTAL SCORE: 13233 Bonus ------- High Alert Combat Kills 920 Follower Combat Kills 515 Entered Garrisons 400 Used RIF Installer 1000 Cogmind --------- Core Integrity 614/700 Matter 85/300 Energy 150/150 System Corruption 25% Temperature Cool (0) Movement Treading (225) Ox1 Location -7/Factory Parts ------- > --- POWER (1) -------- Micro Nuclear Core > --- PROPULSION (4) --- Advanced Treads Advanced Treads Advanced Treads Advanced Treads > --- UTILITY (6) ------ Cargo Storage Unit Transport Network Coupler Improved Targeting Computer Improved Light Armor Plating > --- WEAPON (2) ------- Heavy Laser Remote Datajack > --- INVENTORY (30) --- Hybrid Deuterium Engine Advanced Treads Advanced Treads Advanced Treads Armored Huge Wheel High-capacity Battery (250) High-capacity Matter Pod (178) Hardened Medium Armor Plating Hardened Heavy Armor Plating Reflective Plating Hardlight Generator Hacking Suite Relay Coupler [Grunt] (39) Relay Coupler [Grunt] (23) Relay Coupler [Grunt] (27) Relay Coupler [Sentry] (33) Relay Coupler [Demolisher] (31) Relay Coupler [Hunter] (21) Relay Coupler [Hunter] (21) Relay Coupler [Behemoth] (8) Advanced Assault Cannon Advanced Assault Cannon Advanced Assault Cannon Mini Grenade Launcher Mini Grenade Launcher Improved Datajack Remote Datajack Blade Saw Peak State ------------ > --- POWER ------------ Micro Nuclear Core > --- PROPULSION ------- Advanced Treads Advanced Treads Advanced Treads Advanced Treads > --- UTILITY ---------- Cargo Storage Unit Transport Network Coupler Improved Targeting Computer Relay Coupler [NC] Recalibrator > --- WEAPON ----------- Heavy Laser Advanced Assault Cannon > --- INVENTORY -------- Hybrid Deuterium Engine Advanced Treads Advanced Treads Advanced Treads Armored Huge Wheel High-capacity Battery High-capacity Matter Pod Hardened Medium Armor Plating Hardened Heavy Armor Plating Reflective Plating Hardlight Generator Hacking Suite Relay Coupler [Grunt] Relay Coupler [Grunt] Relay Coupler [Grunt] Relay Coupler [Sentry] Relay Coupler [Demolisher] Relay Coupler [Hunter] Relay Coupler [Hunter] Relay Coupler [Behemoth] Advanced Assault Cannon Advanced Assault Cannon Mini Grenade Launcher Mini Grenade Launcher Improved Datajack Remote Datajack Remote Datajack Blade Saw [Rating: 44] Favorites ----------- Power Heavy Ion Engine Engine Heavy Ion Engine Power Core Micro Nuclear Core Propulsion Armored Wheel Treads Armored Treads Leg Aluminum Leg Wheel Armored Wheel Utility Hardened Light Armor Plating Device Improved Terrain Scanner Storage Cargo Storage Unit Processor Improved Targeting Computer Hackware Relay Coupler [NC] Protection Hardened Light Armor Plating Weapon Improved EM Shotgun Energy Gun Improved EM Shotgun Energy Cannon Light EM Pulse Cannon Ballistic Gun Enhanced Autogun Ballistic Cannon Assault Cannon Launcher Mini Grenade Launcher Special Weapon Remote Datajack Special Melee Weapon Improved Datajack Build | -11 -10 -10 -9 -8 -8 -8 -8 -7 -7 -7 ------- Run | Yrd Mat Min Mat Mat Gar Mat Gar Fac Was Fac Slots Evolved 6 | . . . 2 2 . . . 2 . . Power . | . . . . . . . . . . . Propulsion 2 | . . . . 1 . . . 1 . . Utility 4 | . . . 2 1 . . . 1 . . Weapon . | . . . . . . . . . . . Parts Attached 113 | 8 10 3 21 9 15 9 8 30 . . Power 10 | 2 . 1 2 1 1 1 . 2 . . Engine 8 | 2 . . 2 1 1 1 . 1 . . Core 2 | . . 1 . . . . . 1 . . Reactor . | . . . . . . . . . . . Propulsion 34 | 2 1 1 6 2 3 2 4 13 . . Treads 11 | . . . 3 . 3 . . 5 . . Leg 7 | 2 1 1 2 . . . . 1 . . Wheel 16 | . . . 1 2 . 2 4 7 . . Hover . | . . . . . . . . . . . Flight . | . . . . . . . . . . . Utility 27 | 2 1 1 6 3 4 . 3 7 . . Device 4 | 1 . . 2 . . . . 1 . . Storage 4 | 1 1 . 2 . . . . . . . Processor 3 | . . . 1 1 . . . 1 . . Hackware 4 | . . . . . 1 . . 3 . . Protection 12 | . . 1 1 2 3 . 3 2 . . Artifact . | . . . . . . . . . . . Weapon 42 | 2 8 . 7 3 7 6 1 8 . . Energy Gun 20 | 1 7 . 5 1 1 3 . 2 . . Energy Cannon 3 | . . . 1 1 . 1 . . . . Ballistic Gun 6 | 1 . . 1 1 . 2 1 . . . Ballistic Cannon 5 | . . . . . 2 . . 3 . . Launcher 5 | . 1 . . . 4 . . . . . Special Weapon 2 | . . . . . . . . 2 . . Impact Weapon . | . . . . . . . . . . . Slashing Weapon . | . . . . . . . . . . . Piercing Weapon . | . . . . . . . . . . . Special Melee Weapon 1 | . . . . . . . . 1 . . Unidentified Prototypes 7 | . . . 3 3 . 1 . . . . Corrupted Parts 3 | . . 2 1 . . . . . . . System Corruption 12 | . . 10 2 . . . . . . . Parts Lost 25 | . 1 1 3 1 4 . 7 8 . . Power 2 | . . . . . 1 . 1 . . . Propulsion 12 | . . 1 . . 2 . 3 6 . . Utility 4 | . . . 1 . . . 3 . . . Weapon 7 | . 1 . 2 1 1 . . 2 . . Highest Loss Streak 3 | . 1 1 1 1 2 . 2 3 . . To Critical Strikes 1 | . . . . . . . . 1 . . Average Backups 25 | 4 10 15 22 29 29 29 29 28 28 28 Power 1 | . . . 2 1 . . 1 1 1 1 Propulsion 2 | 2 3 3 3 2 1 1 1 3 4 4 Utility 13 | . 1 2 8 13 19 20 19 16 15 15 Weapon 7 | 1 5 9 8 11 7 6 5 5 5 6 Tool/Special . | . . . . . . . . . . . Unused Backups 58 | . 4 . 11 8 9 . 3 2 . 21 Power 1 | . . . . . . . . . . 1 Propulsion 9 | . 2 . . 1 . . 2 . . 4 Utility 31 | . . . 6 1 7 . 1 1 . 15 Weapon 16 | . 2 . 5 5 2 . . 1 . 1 Tool/Special 1 | . . . . 1 . . . . . . Average Slot Usage (%) 90 | . 99 98 89 88 89 89 88 89 91 91 Engine 8 | . 14 10 10 8 8 9 8 3 . . Core 1 | . . 3 . . . . . 3 6 7 Treads 11 | . . . 8 8 21 14 9 12 30 30 Leg 4 | . 28 27 7 . . . . . . . Wheel 9 | . . . 6 18 5 12 17 15 . . Device 1 | . 14 4 3 . . . . . . . Storage 9 | . 14 14 11 9 9 9 9 7 7 7 Processor 10 | . . . 11 15 9 9 9 14 15 15 Hackware 1 | . . . . . . . . 7 7 6 Protection 11 | . . 9 9 10 17 18 18 7 7 7 Energy Gun 10 | . 24 28 18 8 8 8 . 6 7 7 Energy Cannon 1 | . . . 3 9 1 . . . . . Ballistic Gun 3 | . 3 . . . . 7 17 2 . . Ballistic Cannon 1 | . . . . . 7 1 . 2 . . Peak Build Rating 44 | 9 10 10 22 27 34 33 35 44 43 43 Average Rating 26 | 6 9 9 18 24 31 32 33 36 42 42 On Entrance 23 | . 9 10 10 21 26 33 33 31 43 43 Naked Turns . | . . . . . . . . . . . Heaviest Build 166 | 14 30 32 160 165 166 166 165 165 159 156 Greatest Support 88 | 20 20 20 40 32 60 60 26 88 88 88 Greatest Overweight (x) 16 | 1 1 3 13 7 16 16 10 7 1 1 Average Overweight (x) 4 | . . 1 7 6 3 7 6 3 1 1 Largest Inventory Capacity 30 | 8 15 15 30 30 30 30 30 30 30 30 Average Capacity 26 | 7 10 15 23 30 30 30 30 30 30 30 Most Carried 30 | 8 15 15 30 30 30 30 30 30 30 30 Average Carried 26 | 4 9 15 22 29 29 29 29 29 30 30 Final Capacity 30 | 8 15 15 30 30 30 30 30 30 30 30 Final Carried 30 | 8 15 15 30 30 30 30 28 30 30 30 Class Distribution -------------------- 46% | Bothacker-Mutant 32% | Hauler-Mutant 15% | Mutant 4% | Scavenger-Mutant Dominant Class ---------------- Mutant | -10/Materials Mutant | -10/Mines Hauler-Mutant | -9/Materials Hauler-Mutant | -8/Materials Hauler-Mutant | -8/Garrison Bothacker-Mutant | -8/Materials Bothacker-Mutant | -8/Garrison Bothacker-Mutant | -7/Factory Bothacker-Mutant | -7/Waste Bothacker-Mutant | -7/Factory Resources | -11 -10 -10 -9 -8 -8 -8 -8 -7 -7 -7 ----------- Run | Yrd Mat Min Mat Mat Gar Mat Gar Fac Was Fac Matter Collected 5394 | 292 102 92 498 380 692 290 1962 1086 . . Remotely . | . . . . . . . . . . . Salvage Created 6423 | 93 325 179 1243 1011 698 339 1669 866 . . Parts 352 | 7 16 8 84 40 47 20 78 52 . . Haulers Intercepted 12 | . 1 . 4 4 . 2 . 1 . . Recyclers Shooed 4 | . . . 3 . . 1 . . . . Parts Field Recycled . | . . . . . . . . . . . Retrieved Matter . | . . . . . . . . . . . Parts Self-Destructed . | . . . . . . . . . . . Prevented . | . . . . . . . . . . . Kills | -11 -10 -10 -9 -8 -8 -8 -8 -7 -7 -7 ------- Run | Yrd Mat Min Mat Mat Gar Mat Gar Fac Was Fac Combat Hostiles Destroyed 108 | . 7 1 14 15 28 3 24 16 . . Guns 51 | . 3 1 8 5 5 3 19 7 . . Cannons 23 | . . . 5 7 8 . . 3 . . AOE 30 | . 3 . 1 1 14 . 5 6 . . Classes Destroyed 14 | 3 4 . 2 2 2 . . 1 . . Worker 14 | 1 . 1 10 . . 2 . . . . Builder 3 | . . . . . . . . 3 . . Tunneler 3 | 1 . . 2 . . . . . . . Hauler 12 | . 1 . 4 4 . 2 . 1 . . Recycler 8 | 1 1 1 1 . . 1 . 3 . . Operator 2 | . 1 . 1 . . . . . . . Watcher 4 | . . . 2 . . 1 . 1 . . Swarmer 28 | . 3 . 4 1 10 . 4 6 . . Grunt 43 | . 4 1 8 7 10 1 8 4 . . Brawler 2 | . . . . . 1 . 1 . . . Duelist 5 | . . . . 1 1 . 3 . . . Sentry 20 | . . . 4 4 3 2 6 1 . . Hunter 3 | . . . . 2 . . . 1 . . Programmer 9 | . . . . . 3 . 2 4 . . Best Kill Streak 8 | 2 3 1 5 3 6 2 8 3 . . Combat Bots Only 8 | . 3 1 4 3 6 1 8 3 . . Max Kills in Single Turn 3 | 1 2 1 3 1 2 1 2 3 . . Gunslinging 1 | . . . . . . . 1 . . . Exploded 3 | . 2 . 1 1 2 . 2 3 . . Melee . | . . . . . . . . . . . Uniques/NPCs Destroyed . | . . . . . . . . . . . Combat | -11 -10 -10 -9 -8 -8 -8 -8 -7 -7 -7 -------- Run | Yrd Mat Min Mat Mat Gar Mat Gar Fac Was Fac Hostile Shots Fired 556 | . 49 8 36 58 131 25 109 140 . . Missed 140 | . 14 2 10 15 32 7 18 42 . . Hits 416 | . 35 6 26 43 99 18 91 98 . . Melee 5 | . . . . . 1 . 4 . . . Projectile 411 | . 35 6 26 43 98 18 87 98 . . AOE 1 | . . . . . 1 . . . . . Critical Strikes 23 | . 2 2 1 2 6 . 7 3 . . Part Disruptions 1 | . . . . . 1 . . . . . Damage Taken 6288 | . 389 97 411 611 1647 228 1499 1406 . . Core 757 | . 88 . 80 80 217 31 175 86 . . Absorbed by Shields . | . . . . . . . . . . . Regen/Repaired (Parts) 205 | . . . 45 160 . . . . . . Core Remaining (%) 63 | 100 . 64 80 . . . 8 . . . Volleys Fired 565 | 4 32 10 59 56 96 26 193 79 9 1 Largest 2 | 2 2 2 2 2 2 2 2 2 1 1 Hottest 126 | 70 80 80 101 101 101 126 116 116 5 5 Shots Fired 994 | 8 62 20 115 89 150 51 364 125 9 1 Gun 787 | 8 60 20 104 37 49 51 358 100 . . Cannon 162 | . . . 11 52 82 . . 17 . . Launcher 30 | . 2 . . . 19 . 6 3 . . Special 15 | . . . . . . . . 5 9 1 Kinetic 476 | 4 9 . 8 . 54 18 351 32 . . Thermal 171 | 4 9 . . . 33 33 7 85 . . Explosive 30 | . 2 . . . 19 . 6 3 . . Electromagnetic 302 | . 42 20 107 89 44 . . . . . Robot Hit Streak 50 | 5 6 3 6 12 14 15 50 20 14 4 Robot Miss Streak 5 | 1 3 3 4 3 5 2 5 5 1 . Penetration Max 1 | . . . . . . . . 1 . . Secondary Targets 5 | . . . . . . . 5 . . . Max Gunslinging Chain 1 | . . . . . . . 1 . . . Shots Hit Robots 653 | 6 31 11 74 71 76 35 255 85 8 1 Core Hits 310 | 4 17 6 57 35 45 12 97 37 . . Critical Kills 2 | . . . . . . . 2 . . . Critical Parts Destroyed 1 | . . . . . . . 1 . . . Critical Strikes 14 | . 1 . 1 1 3 1 3 4 . . Burn 7 | . . . . . 2 1 . 4 . . Destroy 3 | . . . . . . . 3 . . . Corrupt 4 | . 1 . 1 1 1 . . . . . Melee Attacks 4 | . . . . . . . . 4 . . Impact . | . . . . . . . . . . . Slashing . | . . . . . . . . . . . Piercing . | . . . . . . . . . . . Sneak Attacks 2 | . . . . . . . . 2 . . Combat Hostiles . | . . . . . . . . . . . Follow-up Attacks . | . . . . . . . . . . . Damage Inflicted 13447 | 76 670 151 1690 1611 3016 607 3545 2081 . . Guns 7994 | 76 454 151 1115 510 569 607 3156 1356 . . Cannons 2500 | . . . 200 901 1082 . . 317 . . Explosions 2945 | . 210 . 373 200 1365 . 389 408 . . Melee . | . . . . . . . . . . . Ramming 8 | . 6 . 2 . . . . . . . Kinetic 4829 | 39 102 . 71 . 818 182 3094 523 . . Thermal 2749 | 37 89 . 373 200 413 425 62 1150 . . Explosive 2283 | . 184 . . . 1302 . 389 408 . . Electromagnetic 3578 | . 289 151 1244 1411 483 . . . . . Impact . | . . . . . . . . . . . Slashing . | . . . . . . . . . . . Piercing . | . . . . . . . . . . . Highest Corruption 25 | . . 10 6 . 6 6 10 4 25 25 Average Corruption 6 | . . 9 5 . 3 6 9 2 15 25 Corruption Purged . | . . . . . . . . . . . Corruption Blocked . | . . . . . . . . . . . Effects 251 | . . 7 68 . 52 16 68 19 14 7 Message Errors 45 | . . 1 13 . 6 4 16 2 2 1 Matter Fused 54 | . . 3 13 . 14 5 15 3 1 . Heat Flow Errors 27 | . . 1 12 . 6 . 3 3 . 2 Energy Discharges 30 | . . 1 6 . 10 1 5 2 3 2 Parts Rejected 3 | . . . . . . . 1 . 2 . Parts Fused 5 | . . . 4 . 1 . . . . . Data Loss (minor) 28 | . . 1 4 . 5 3 9 4 1 1 Data Loss (major) 22 | . . . 8 . 4 2 4 2 2 . Misfires 15 | . . . 4 . 4 . 4 3 . . Alerts 5 | . . . 2 . 2 . . . . 1 Misdirections 3 | . . . . . . . . . 3 . Weapon Failures 14 | . . . 2 . . 1 11 . . . Overload Shots . | . . . . . . . . . . . Overflow Damage 139 | . . . 14 . 30 . 32 63 . . Projectiles 19 | . . . . . 17 . . 2 . . Explosions 120 | . . . 14 . 13 . 32 61 . . Melee . | . . . . . . . . . . . Knockbacks 7 | . . . . . 4 . . 3 . . Impact . | . . . . . . . . . . . Kinetic 7 | . . . . . 4 . . 3 . . Secondary . | . . . . . . . . . . . Self-Inflicted Damage 432 | . . . 102 17 208 . 105 . . . Shots 14 | . . . 3 1 8 . 2 . . . Rammed 1 | . . . 1 . . . . . . . Targets Rammed 3 | . 2 . 1 . . . . . . . Kicked 2 | . 2 . . . . . . . . . Crushed . | . . . . . . . . . . . Highest Temperature 514 | 18 246 243 280 345 375 324 514 288 . 213 Average Temperature 95 | 8 72 81 51 90 111 96 125 70 . 95 Received Heat Transfer 1809 | . 198 90 132 243 408 63 423 252 . . Effects 24 | . . . . 2 5 . 17 . . . Shutdowns 1 | . . . . . . . 1 . . . Energy Bleed 2 | . . . . . . . 2 . . . Interference 14 | . . . . 2 3 . 9 . . . Matter Decay 3 | . . . . . 2 . 1 . . . Damage (major) 4 | . . . . . . . 4 . . . Siege Activations . | . . . . . . . . . . . Martial Activations . | . . . . . . . . . . . Shielding Activations . | . . . . . . . . . . . Robots Disrupted . | . . . . . . . . . . . Combat Hostiles . | . . . . . . . . . . . Robots Corrupted 5 | . 1 . . 3 1 . . . . . Combat Hostiles 4 | . 1 . . 2 1 . . . . . Parts Fried 25 | . 2 . 5 17 1 . . . . . Impact Corruptions . | . . . . . . . . . . . Robots Melted . | . . . . . . . . . . . Combat Hostiles . | . . . . . . . . . . . Parts Melted 6 | . . . . . 1 1 1 3 . . Heat Transferred 5706 | 111 235 . 700 300 808 999 111 2442 . . Parts Sabotaged . | . . . . . . . . . . . Parts Stolen . | . . . . . . . . . . . Parts Stripped . | . . . . . . . . . . . Power Chain Reactions 12 | . 1 . 6 4 1 . . . . . Alert | -11 -10 -10 -9 -8 -8 -8 -8 -7 -7 -7 ------- Run | Yrd Mat Min Mat Mat Gar Mat Gar Fac Was Fac Maximum Alert Level 4 | . . . . 1 4 2 4 2 1 . Low Security (%) 48 | 100 100 100 100 92 13 . . . 91 100 Level 1 2 | . . . . 7 2 . 8 . 8 . Level 2 26 | . . . . . 13 100 21 100 . . Level 3 16 | . . . . . 51 . 53 . . . Level 4 5 | . . . . . 18 . 16 . . . Level 5 . | . . . . . . . . . . . High Security . | . . . . . . . . . . . Max Security . | . . . . . . . . . . . Peak Influence 1365 | 5 121 63 184 278 1365 664 1248 658 207 67 Initial 664 | . 3 26 10 77 15 664 347 655 207 67 Average 393 | 1 52 12 42 74 755 579 805 569 155 36 Influence Increases 5049 | 15 279 131 671 553 1430 140 1111 719 . . Destroy 0b10 Robot/C 2480 | . 140 60 360 300 620 60 540 400 . . Destroy 0b10 Robot/NC 275 | 15 15 10 105 20 . 30 35 45 . . Destroy Leader 416 | . 32 20 94 98 20 26 30 96 . . Allied During Kill 59 | . . 11 13 . 7 . 14 14 . . Successful Hack 107 | . 18 . 32 12 . 9 30 6 . . Select Force Hacks 30 | . . . . . . . . 30 . . Disable Machine 135 | . 30 15 15 15 . . . 60 . . Anti-Garrison Action 800 | . . . . . 500 . 300 . . . Destroy Structure 357 | . 14 . 7 18 148 . 132 38 . . Lose Combat Pursuer 390 | . 30 15 45 90 135 15 30 30 . . Influence Decreases 5049 | 10 216 171 515 713 89 971 397 1374 496 97 Entered New Map 2075 | . 2 42 18 107 9 701 187 593 386 30 Time Decay 2299 | 10 204 111 477 449 . 270 . 601 110 67 Lost Part 227 | . 10 . 20 7 40 . 70 80 . . Lost Ally 298 | . . 18 . . 40 . 140 100 . . Purge Threat 150 | . . . . 150 . . . . . . Squads Dispatched 20 | . 2 . 2 4 . . . 12 . . Investigation 7 | . 1 . 1 3 . . . 2 . . Extermination 3 | . . . . . . . . 3 . . Reinforcement 6 | . 1 . 1 1 . . . 3 . . Assault . | . . . . . . . . . . . Garrison 4 | . . . . . . . . 4 . . Intercept . | . . . . . . . . . . . Searches Triggered . | . . . . . . . . . . . Construction Impeded . | . . . . . . . . . . . Haulers Reinforced . | . . . . . . . . . . . Active Scanning Responses . | . . . . . . . . . . . Cargo Convoy Interrupts . | . . . . . . . . . . . Stealth | -11 -10 -10 -9 -8 -8 -8 -8 -7 -7 -7 --------- Run | Yrd Mat Min Mat Mat Gar Mat Gar Fac Was Fac Distress Signals 8 | . . . 3 1 . 2 . 2 . . Communications Jammed . | . . . . . . . . . . . Distress Signals . | . . . . . . . . . . . Times Spotted 176 | . 11 4 25 22 35 7 29 36 6 1 Peak Tracking Total 8 | . 3 2 4 8 6 3 5 4 4 1 Tactical Retreats 16 | . 1 1 2 4 4 1 1 2 . . Traps | -11 -10 -10 -9 -8 -8 -8 -8 -7 -7 -7 ------- Run | Yrd Mat Min Mat Mat Gar Mat Gar Fac Was Fac Traps Triggered 24 | . . . 2 3 9 . 4 6 . . Indirectly . | . . . . . . . . . . . Trap Hack Attempts . | . . . . . . . . . . . Triggered . | . . . . . . . . . . . Disarmed . | . . . . . . . . . . . Reprogrammed . | . . . . . . . . . . . Reused . | . . . . . . . . . . . Traps Extracted . | . . . . . . . . . . . Installed . | . . . . . . . . . . . Triggered . | . . . . . . . . . . . Machines | -11 -10 -10 -9 -8 -8 -8 -8 -7 -7 -7 ---------- Run | Yrd Mat Min Mat Mat Gar Mat Gar Fac Was Fac Machines Disabled 19 | . 2 1 1 1 6 . 4 4 . . Max in Single Turn 2 | . 1 . 1 1 1 . 2 1 . . Garrison Access 1 | . . . . . . . . 1 . . Garrison Relay 6 | . . . . . 4 . 2 . . . Phase Generator 1 | . . . . . . . 1 . . . Machines Repaired . | . . . . . . . . . . . Machines Dismantled . | . . . . . . . . . . . Machines Sabotaged . | . . . . . . . . . . . Overloaded Fab Kills . | . . . . . . . . . . . Hacking | -11 -10 -10 -9 -8 -8 -8 -8 -7 -7 -7 --------- Run | Yrd Mat Min Mat Mat Gar Mat Gar Fac Was Fac Machines Accessed 39 | . 6 . 9 6 4 3 5 6 . . Terminals 26 | . 5 . 7 2 4 2 5 1 . . Fabricators 3 | . . . . . . . . 3 . . Repair Stations 4 | . 1 . 1 2 . . . . . . Recycling Units 2 | . . . 1 1 . . . . . . Scanalyzers 1 | . . . . . . . . 1 . . Garrison Access 3 | . . . . 1 . 1 . 1 . . Total Hacks 87 | . 15 . 25 13 8 7 8 11 . . Successful 40 | . 7 . 7 11 2 6 3 4 . . Failed 47 | . 8 . 18 2 6 1 5 7 . . Catastrophic 8 | . 1 . 3 . 1 . 1 2 . . Database Lockouts . | . . . . . . . . . . . Manual 24 | . 3 . 13 4 . 1 . 3 . . Terminals 63 | . 14 . 20 5 8 5 8 3 . . Fabricators 5 | . . . . . . . . 5 . . Repair Stations 11 | . 1 . 4 6 . . . . . . Recycling Units 2 | . . . 1 1 . . . . . . Scanalyzers 2 | . . . . . . . . 2 . . Garrison Access 4 | . . . . 1 . 2 . 1 . . Terminal Hacks 21 | . 6 . 4 2 2 3 3 1 . . Robot Analysis 2 | . . . 2 . . . . . . . Prototype ID Bank 2 | . 1 . . . . . . 1 . . Open Door 2 | . . . . . 1 . 1 . . . Branch Access Points 1 | . 1 . . . . . . . . . Emergency Access Points 2 | . . . . . 1 . 1 . . . Unreport Threat 1 | . . . . 1 . . . . . . Locate Traps 1 | . 1 . . . . . . . . . Transport Status 2 | . . . 1 . . 1 . . . . Hauler Manifests 4 | . 1 . 1 1 . 1 . . . . Zone Layout 3 | . 2 . . . . 1 . . . . Security Stations 1 | . . . . . . . 1 . . . Fabricator Hacks 1 | . . . . . . . . 1 . . Build 1 | . . . . . . . . 1 . . Repair Station Hacks 9 | . . . 3 6 . . . . . . Scan Component 5 | . . . 2 3 . . . . . . Repair 4 | . . . 1 3 . . . . . . Recycling Unit Hacks 1 | . . . . 1 . . . . . . Report Inventory 1 | . . . . 1 . . . . . . Scanalyzer . | . . . . . . . . . . . Garrison Access Hacks 4 | . . . . 1 . 2 . 1 . . Unlock Access 2 | . . . . 1 . 1 . . . . Seal Access 1 | . . . . . . . . 1 . . Coupler Status 1 | . . . . . . 1 . . . . Unauthorized Hacks 4 | . 1 . . 1 . 1 . 1 . . Terminals 2 | . . . . 1 . 1 . . . . Botnet 2 | . . . . 1 . 1 . . . . Fabricators . | . . . . . . . . . . . Repair Stations 1 | . 1 . . . . . . . . . Mechanics 1 | . 1 . . . . . . . . . Recycling Units . | . . . . . . . . . . . Scanalyzers 1 | . . . . . . . . 1 . . Extract 1 | . . . . . . . . 1 . . Garrison Access . | . . . . . . . . . . . Data Cores Recovered 1 | . 1 . . . . . . . . . Used . | . . . . . . . . . . . Hacking Detections 29 | . 5 . 9 2 4 1 3 5 . . Full Trace Events 3 | . 1 . 1 . . . 1 . . . Feedback Events . | . . . . . . . . . . . Feedback Blocked . | . . . . . . . . . . . Robot Schematics Acquired . | . . . . . . . . . . . Robots Built 3 | . . . . . . . . 3 . . Authchips . | . . . . . . . . . . . Time 134 | . . . . . . . . 134 . . Total Robot Build Rating 12 | . . . . . . . . 12 . . Part Schematics Acquired 1 | . . . . . . . . 1 . . Parts Built . | . . . . . . . . . . . Authchips . | . . . . . . . . . . . Time . | . . . . . . . . . . . Total Part Build Rating . | . . . . . . . . . . . Parts Repaired 4 | . . . 1 3 . . . . . . Time 198 | . . . 64 134 . . . . . . Parts Recycled . | . . . . . . . . . . . Recycled Matter . | . . . . . . . . . . . Retrieved Matter . | . . . . . . . . . . . Retrieved Components . | . . . . . . . . . . . Parts Scanalyzed . | . . . . . . . . . . . Part Schematics Acquired . | . . . . . . . . . . . Parts Damaged . | . . . . . . . . . . . Bothacking | -11 -10 -10 -9 -8 -8 -8 -8 -7 -7 -7 ------------ Run | Yrd Mat Min Mat Mat Gar Mat Gar Fac Was Fac Used RIF Installer 2 | . . . . . 1 . 1 . . . Patrol Navigation 1 | . . . . . . . 1 . . . Robots Hacked 13 | . . . . . . . . 6 6 1 Non-combat 4 | . . . . . . . . 3 . 1 Combat 9 | . . . . . . . . 3 6 . Robot Hacks Applied 16 | . . . . . . . . 7 8 1 parse_system 2 | . . . . . . . . 1 1 . find_chute 1 | . . . . . . . . 1 . . drop_inventory 1 | . . . . . . . . 1 . . find_recycling 1 | . . . . . . . . . . 1 map_route 1 | . . . . . . . . 1 . . ignore_targets 6 | . . . . . . . . . 6 . amplify_resonance 1 | . . . . . . . . . 1 . formatsys_high 3 | . . . . . . . . 3 . . Relay Couplers Released 26 | . . . . . 20 . 6 . . . Machine Destruction 23 | . . . . . 17 . 6 . . . Programmers 3 | . . . . . 3 . . . . . Attached 4 | . . . . . 1 . . 3 . . Fabnet Peak Effective % . | . . . . . . . . . . . Robots Rewired 11 | . . . . . 2 . 9 . . . Allies Hacked . | . . . . . . . . . . . Hacks Repelled . | . . . . . . . . . . . Allies | -11 -10 -10 -9 -8 -8 -8 -8 -7 -7 -7 -------- Run | Yrd Mat Min Mat Mat Gar Mat Gar Fac Was Fac Total Allies 20 | . . 3 . . 2 . 9 6 . . Largest Group 4 | . . 3 2 . 2 . 4 3 . . Highest-Rated Group 122 | . . 40 32 . 70 . 64 122 . . Highest-Rated Ally 90 | . . 16 16 . 39 . 31 90 . . Total Orders 1 | . . . . . . . 1 . . . STAY 1 | . . . . . . . 1 . . . Ally Attacks 92 | . . 12 30 . 4 . 29 17 . . Total Damage 1703 | . . 131 315 . 129 . 489 639 . . Kills 19 | . . 2 5 . 3 . 3 6 . . Allies Corrupted . | . . . . . . . . . . . Allies Melted . | . . . . . . . . . . . Intel | -11 -10 -10 -9 -8 -8 -8 -8 -7 -7 -7 ------- Run | Yrd Mat Min Mat Mat Gar Mat Gar Fac Was Fac Active Infowar (turns) 6876 | 46 515 247 2582 1283 139 . . 1699 223 142 Terrain 956 | 46 515 247 148 . . . . . . . Seismic 732 | . . . 732 . . . . . . . T.N.C. 6068 | . . . 2582 1283 139 . . 1699 223 142 Robot Analysis Total 2 | . . . 2 . . . . . . . Derelict Logs Recovered 1 | . . 1 . . . . . . . . Drone Launches . | . . . . . . . . . . . Drone Recoveries . | . . . . . . . . . . . Exploration | -11 -10 -10 -9 -8 -8 -8 -8 -7 -7 -7 ------------- Run | Yrd Mat Min Mat Mat Gar Mat Gar Fac Was Fac Turns Passed 11959 | 105 515 735 2582 1295 2207 580 1648 1927 223 142 Spaces Moved 4489 | 65 253 361 900 504 637 206 522 889 91 61 Core 7 | 7 . . . . . . . . . . Treads 950 | . . . 105 . 464 23 . 206 91 61 Legs 997 | 58 253 361 325 . . . . . . . Wheels 2535 | . . . 470 504 173 183 522 683 . . Hover . | . . . . . . . . . . . Flight . | . . . . . . . . . . . Fastest Speed 50 | 50 120 190 160 143 143 180 180 130 225 225 Average Speed 206 | 113 147 192 237 185 284 228 181 168 225 225 Slowest Speed 705 | 120 190 330 400 190 326 326 250 705 225 225 Overloaded Moves . | . . . . . . . . . . . Propulsion Burnouts . | . . . . . . . . . . . Robots Hopped . | . . . . . . . . . . . Potential Cave-ins . | . . . . . . . . . . . Cave-ins Triggered . | . . . . . . . . . . . Exploration Rate (%) 48 | 4 42 90 61 47 93 16 79 28 73 3 Regions Visited 10 Branch Regions 1 Pre-discovered Areas 1 | . . 1 . . . . . . . . Known Exits Taken 3 | . 1 . . 1 . 1 . . . . Unknown Exits Taken 3 | 1 . 1 1 . . . . . . . Scrap Searched 1 | . . 1 . . . . . . . . Spaces Dug . | . . . . . . . . . . . Terrain Destroyed 208 | . 12 . 5 18 42 . 110 21 . . Melee . | . . . . . . . . . . . Projectile 5 | . . . . . . . 2 3 . . AOE 203 | . 12 . 5 18 42 . 108 18 . . Terrain Rammed . | . . . . . . . . . . . Walls Destroyed . | . . . . . . . . . . . Machines Disabled . | . . . . . . . . . . . Actions | -11 -10 -10 -9 -8 -8 -8 -8 -7 -7 -7 --------- Run | Yrd Mat Min Mat Mat Gar Mat Gar Fac Was Fac Total 6333 | 84 337 382 1237 782 897 272 981 1193 103 65 Wait 592 | . 12 7 172 164 57 9 82 87 . 2 Move 4480 | 64 252 360 899 504 635 205 521 889 90 61 Hop . | . . . . . . . . . . . Pick Up 136 | 8 16 . 45 19 20 3 8 17 . . Fast Attach 73 | 7 . 3 17 8 3 7 6 20 2 . Attach 38 | . 4 . 4 4 5 1 7 13 . . Detach 22 | . . . 4 1 3 3 1 9 . 1 Swap 92 | 1 7 . 8 6 21 7 13 28 1 . Drop 122 | . 12 2 28 20 17 11 9 23 . . Fire 565 | 4 32 10 59 56 96 26 193 79 9 1 Melee 4 | . . . . . . . . 4 . . Ram 2 | . . . 1 . . . . . 1 . Kick 2 | . 2 . . . . . . . . . Crush . | . . . . . . . . . . . Escape Stasis 78 | . . . . . 30 . 24 24 . . Rewire 127 | . . . . . 10 . 117 . . . Trap . | . . . . . . . . . . . Miscellaneous . | . . . . . . . . . . . Route ------- -11/Scrapyard -10/Materials (discovered 3 exits: *Mat / *Min x2) -10/Mines (discovered 2 exits: *Mat x2) -9/Materials (discovered 3 exits: *Mat x2 / [*Min]) -8/Materials (discovered 2 exits: *Fac / Gar) -8/Garrison (discovered 3 exits: *Mat x3) -8/Materials -8/Garrison (discovered 3 exits: *Fac x3) -7/Factory -7/Waste -7/Factory History --------- Turn | Location | Event 5 | -11/Scrapyard | Discovered new exit (range 15) 106 | -11/Scrapyard | Entered Materials 306 | -10/Materials | Discovered new exit (range 15) 326 | -10/Materials | Discovered new exit (range 11) 333 | -10/Materials | Build established: Mutant 479 | -10/Materials | Identified exit to Mines 621 | -10/Materials | Entered Mines 622 | -10/Mines | Learned location of Storage (-7) 813 | -10/Mines | Assisted by bots powering up and referring to "LRC-V3" 982 | -10/Mines | Learned Materials garrison access intel 1006 | -10/Mines | Found a hidden stash of uninstalled traps 1178 | -10/Mines | System corruption reached 10% 1183 | -10/Mines | Discovered new exit (range 8) 1198 | -10/Mines | Discovered new exit (range 15) 1356 | -10/Mines | Entered Materials 1356 | -9/Materials | Accompanied by 2 allies 1356 | -9/Materials | Evolved 2 slots: Utility x2 2337 | -9/Materials | Repaired Broken Imp. EM Shotgun 2702 | -9/Materials | Build established: Hauler-Mutant 3321 | -9/Materials | Discovered new exit (range 10) 3772 | -9/Materials | Discovered new exit (range 7) 3806 | -9/Materials | Discovered new exit (range 14) 3938 | -9/Materials | Entered another Materials area 3938 | -8/Materials | Evolved 2 slots: Propulsion x1, Utility x1 3939 | -8/Materials | Loaded intel: 1 garrison access location 4471 | -8/Materials | Discovered new exit (range 5) 4489 | -8/Materials | Met 7R-MNS 4799 | -8/Materials | Repaired Hrd. Light Armor Plating 4890 | -8/Materials | Repaired Hvy. Ion Engine 5048 | -8/Materials | Repaired Imp. EM Shotgun 5233 | -8/Materials | Identified exit to Garrison 5233 | -8/Materials | Entered Garrison 5283 | -8/Garrison | Triggered checkpoint 5299 | -8/Garrison | Garrison Relay disabled 5316 | -8/Garrison | Garrison Relay disabled 5493 | -8/Garrison | Triggered checkpoint 5495 | -8/Garrison | Triggered checkpoint 5574 | -8/Garrison | Triggered checkpoint 5743 | -8/Garrison | Discovered new exit (range 12) 5833 | -8/Garrison | Triggered checkpoint 5890 | -8/Garrison | Garrison Relay disabled 6263 | -8/Garrison | Discovered new exit (range 8) 6353 | -8/Garrison | Installed Relay Interface Framework 6660 | -8/Garrison | Build established: Bothacker-Mutant 6691 | -8/Garrison | Triggered checkpoint 6700 | -8/Garrison | Core integrity fell below 50% 7086 | -8/Garrison | Discovered new exit (range 14) 7197 | -8/Garrison | Triggered checkpoint 7245 | -8/Garrison | Garrison Relay disabled 7440 | -8/Garrison | Entered Materials 8004 | -8/Materials | Identified exit to Garrison 8020 | -8/Materials | Entered Garrison 8150 | -8/Garrison | Triggered checkpoint 8162 | -8/Garrison | Triggered checkpoint 8210 | -8/Garrison | Destroyed 8 combat bots 8211 | -8/Garrison | System corruption reached 10% 8434 | -8/Garrison | Triggered checkpoint 8462 | -8/Garrison | Expanded RIF knowledge: Patrol Navigation 8484 | -8/Garrison | Garrison Relay disabled 8526 | -8/Garrison | Core integrity fell below 20% 8703 | -8/Garrison | Lost 4 allies 8757 | -8/Garrison | Learned Factory security intel 8785 | -8/Garrison | Discovered new exit (range 4) 9305 | -8/Garrison | Discovered new exit (range 10) 9331 | -8/Garrison | Phase Generator disabled 9442 | -8/Garrison | Triggered checkpoint 9541 | -8/Garrison | Garrison Relay disabled 9630 | -8/Garrison | Discovered new exit (range 11) 9668 | -8/Garrison | Entered Factory 9668 | -7/Factory | Evolved 2 slots: Propulsion x1, Utility x1 9787 | -7/Factory | Garrison activated, responded to threat 10014 | -7/Factory | Discovered new exit (range 5) 10506 | -7/Factory | Garrison activated, responded to threat 10541 | -7/Factory | Lost 3 parts (3n) 10848 | -7/Factory | Fabricated L-41 Fighter? 11207 | -7/Factory | Lost 3 allies 11595 | -7/Factory | Sucked down chute 11595 | -7/Factory | Entered Waste 11610 | -7/Waste | EMP discharged 11610 | -7/Waste | System corruption reached 10% 11627 | -7/Waste | Spotted C-40 Crusher 11652 | -7/Waste | Spotted C-40 Crusher 11653 | -7/Waste | Spotted C-40 Crusher 11659 | -7/Waste | Spotted C-40 Crusher 11671 | -7/Waste | Spotted C-40 Crusher 11671 | -7/Waste | Spotted C-40 Crusher 11710 | -7/Waste | EMP discharged 11796 | -7/Waste | Discovered new exit (range 11) 11810 | -7/Waste | EMP discharged 11818 | -7/Waste | Entered Factory 11960 | -7/Factory | Self-destructed Last Messages --------------- 11817_ System corrupted: Component data lost. LOCATION=UNKNOWN GOAL=ESCAPE 11833_ FFJ8I3RK=YWLASCZ #VJMF|C 11848_ System corrupted: Component data lost. 11870_ System corrupted: IFF burst signal emitted. 11886_ System corrupted: Energy discharge (-48). 11903_ System corrupted: Heat flow error (+238). 11904_ Jacked R-06 Scavenger... >>find_recycling Pinpointed nearest Recycling Unit: (100,36) (added to intel). 11918_ System corrupted: Energy discharge (-48). 11925_ ALERT: All DSF locations entering lockdown mode. 11934_ System corrupted: Heat flow error (+117). 11953_ K-01 Serf collects debris. 11959_ Discarded Relay Coupler [NC]. 11959_ K-01 Serf collects debris. Map ----- +----------------------------------------------------+ | ?????????????????????????????""" """ # #???? | | ?????????????????????????????""" """ # #???? | | ??????????????????????????# """ """ ! # #???? | | ??????????????????????????# #######???? | | ??????????????????????????# """ """ #?????????? | | ?????????????????????????????""" """ #########+? | | ??????????????????????????# """ """ + | | ??????????????????????????# ######### # | | ??????????????????????????# + #???# | | ??????????????????????????# ##### #?? # | | ??????????????????????????# #???# ## | | ??????????????????###################+##???# " | | ??????????????????# #????# #????# ## | | ??????????????????# #????# #????# #?? # | | ??????????????????# #????# #????# #???# | | ??????????????????# #????# ######+###+# | | ??????????????????# #????# ## # | | ??????????????????# #????# + # | | ??????????????????# #????# ## """"""" # | | ??????????????????# #????# ## """"""" # | | ??????????????????# #????# ## """"""" # | | ??????????????????? k #????# ## """"""" # | | ????????????????????? ??????# ## ??+ | | ??????????????????????? ????????# ## ????? | | ??????????????????????###/########### ######+????? | | ??????????????????????# @ /Y # #??????????? | | ??????????????????????# # """ # #??????????? | | ??????????????????????# # """ # #??????###?? | | ??????????????????????+ # """ # #### #?? | | ??????????????????????# # # #?? | | ??????????????????????# # """ + T | | ??????????????????????# # """ # ### | | ?????????????????????? # """ ###### #?? | | ????????????????????? # #??????#+###?? | | ???????????????????? # #????????????? | | ??????????????????? # #????????????? | | ?????????????????? #########????????????? | | ?????????????????T###########????????????????????? | | ?????????????????????????????????????????????????? | | ?????????????????????????????????????????????????? | | ?????????????????????????????????????????????????? | | ?????????????????????????????????????????????????? | | ?????????????????????????????????????????????????? | | ?????????????????????????????????????????????????? | | ?????????????????????????????????????????????????? | | ?????????????????????????????????????????????????? | | ?????????????????????????????????????????????????? | | ?????????????????????????????????????????????????? | | ?????????????????????????????????????????????????? | | ?????????????????????????????????????????????????? | +----------------------------------------------------+ Best States ------------- Heat Dissipation 34 Energy Generation 15 Energy Capacity 280 Matter Stores 300 Matter Capacity 300 Sight Range 16 Terrain Scan Range 16 Terrain Scan Density 10 Armor Coverage 300 Evasion (%) 55 Targeting Accuracy 6 Recoil Reduction 4 Relay Coupler Types 2 Relay Coupler Value 72 Item Schematics ----------------- Adv. ECM Suite | -7/Factory | Extracted Robot Schematics ------------------ None Fabricated ------------ L-41 Fighter | x3 | -7/Factory | Preloaded Repaired ---------- Imp. EM Shotgun | 35% | -9/Materials | Broken Hrd. Light Armor Plating | 57% | -8/Materials Hvy. Ion Engine | 36% | -8/Materials Imp. EM Shotgun | 81% | -8/Materials Alien Tech Used ----------------- None Achievements -------------- None Challenges ------------ None Game ------ Seed MasterSurveybotShredder Manual? 0 Play Time 01:15:57 Cumulative 207.0 hours Start 2025.06.12 @ 22:09:49 End 2025.06.16 @ 22:34:38 Sessions 3 Manual Loads 0 Difficulty Rogue Special Mode None Game No. 212 Rogue 212 Adventurer 0 Explorer 0 Win Type - Total 3 Types 3/0/0/0/0/0/0/0/0/0 Lore% 70 Gallery% 69 Achievement% 66 Wizard Run 0 Options --------- Layout 1 ASCII 0 Keyboard 1 Movement Numpad Keybinds 0 Fullscreen 1 Font 24/Smallcaps Map View 50x35 Zoom Use 0% Tactical HUD 1 Map Filters NONE Filters NONE Steam 1 RUN: 6d1848e0-7a10-4428-9e3d-a72797f08e7d